 Dungeon Crawl Stone Soup version 0.23-a0-78-gc252fe1 (webtiles) character file.

97 mhoghedin the Bolt Thrower (level 5, 31/31 HPs)
             Began as a Kobold Arcane Marksman on Aug 10, 2018.
             Quit the game on level 3 of the Dungeon.
             The game lasted 00:03:26 (1585 turns).

mhoghedin the Bolt Thrower (Kobold Arcane Marksman) Turns: 1585, Time: 00:03:27

Health: 31/31      AC:  2    Str:  8    XL:     5   Next: 0%
Magic:  6/6        EV: 16    Int: 14    God:
Gold:   80         SH:  0    Dex: 16    Spells: 3/6 levels left

rFire    . . .     SeeInvis .   j - +0 dagger
rCold    . . .     Gourm    .   (shield restricted)
rNeg     . . .     Faith    .   e - +0 robe
rPois    .         Spirit   .   (no helmet)
rElec    .         Reflect  .   (no cloak)
rCorr    .         Harm     .   (no gloves)
MR       .....     Rnd*Tele +   (no boots)
Stlth    +.........             (no amulet)
HPRegen  0.10/turn              l - ring of teleportation (curse) {+/*tele, !d}
MPRegen  0.10/turn              (no ring)

@: no status effects
A: small, carnivore
a: no special abilities


You were on level 3 of the Dungeon.
You were very full.

You visited 1 branch of the dungeon, and saw 3 of its levels.

You collected 80 gold pieces.

Inventory:

Hand Weapons
 a - a +0 hand crossbow
 j - a +0 dagger (weapon)
   (You took it off a goblin on level 1 of the Dungeon)
Missiles
 d - 6 bolts
Armour
 e - a +0 robe (worn)
Jewellery
 l - a cursed ring of teleportation (left hand) {+/*tele, !d}
   (You found it on level 2 of the Dungeon)
Scrolls
 b - 2 scrolls of identify {unknown}
 h - a scroll of immolation {!r}
 i - a scroll of fear {unknown}
 k - 3 scrolls of enchant weapon {unknown}
 m - a scroll of remove curse
 o - a scroll of blinking {unknown}
Potions
 c - a potion of cancellation {unknown}
 g - a potion of might {unknown}
 n - 2 potions of berserk rage {unknown}
 p - a potion of curing {unknown}
Comestibles
 f - 2 rations


   Skills:
 + Level 2.6 Fighting
 - Level 0.3 Short Blades
 + Level 3.8 Crossbows
 + Level 3.7 Dodging
 - Level 1.1 Spellcasting
 - Level 3.1 Hexes


You had 3 spell levels left.
You knew the following spells:

 Your Spells              Type           Power        Failure   Level  Hunger
s - Slow                  Hex            #.......     11%         2    ###....
v - Corona                Hex            #......      7%          1    ##.....

Your spell library contained the following spells:

 Spells                   Type           Power        Failure   Level  Hunger
 Cause Fear               Hex            #.........   56%         4    #####..
 Portal Projectile        Hex/Tloc       #.....       38%         3    ####...
 Leda's Liquefaction      Hex/Erth       #.........   80%         4    #####..
 Inner Flame              Hex/Fire       #.......     38%         3    ####...


Dungeon Overview and Level Annotations

Branches:
Dungeon (3/15)

Altars:


Innate Abilities, Weirdness & Mutations

You are small and have problems with some larger weapons.
You are carnivorous and can eat meat at any time.


Message History

An adder comes into view.
The adder hisses angrily.
There is a stone staircase leading up here.
Unknown command.
An adder is nearby!
a - a +0 hand crossbow (weapon)
Firing (i - inventory)
d - 8 bolts (quivered)
Aim: an adder You shoot a bolt.
The bolt closely misses the adder.
Firing (i - inventory)
d - 7 bolts (quivered)
Aim: an adder You shoot a bolt.
The bolt closely misses the adder.
The adder closely misses you. The adder misses you.
Firing (i - inventory)
d - 6 bolts (quivered)
Aim: an adder You shoot a bolt.
The bolt hits the adder.
The adder closely misses you.
Firing (i - inventory)
d - 5 bolts (quivered)
Aim: an adder (moderately wounded)
You shoot a bolt. The bolt hits the adder.
The adder closely misses you. The adder barely misses you.
Firing (i - inventory)
d - 4 bolts (quivered)
Aim: an adder (almost dead)
You shoot a bolt. The bolt hits the adder.
You kill the adder!
You are now empty-handed.
d - 4 bolts (gained 1)
You see here an adder corpse.
A goblin comes into view.
A goblin is nearby!
Wield which item (- for none, * to show all)? (? for menu, Esc to quit)
a - a +0 hand crossbow (weapon)
The goblin shouts!
Wield which item (- for none, * to show all)? (? for menu, Esc to quit)
j - a +0 dagger (weapon)
A leopard gecko comes into view.
You see here a bolt.
The goblin misses you.
You closely miss the goblin. The goblin completely misses you.
You miss the goblin. The goblin hits you.
You take 1 damage, and have 24/27 hp.
The leopard gecko hisses angrily.
You hit the goblin. The goblin barely misses you.
You closely miss the goblin. The goblin barely misses you.
You miss the goblin. The goblin closely misses you.
You hit the goblin but do no damage. The goblin completely misses you.
You hit the goblin. The goblin barely misses you.
You hit the goblin but do no damage. The goblin closely misses you.
You hit the goblin.
You kill the goblin!
You miss the leopard gecko. The leopard gecko closely misses you.
You completely miss the leopard gecko. The leopard gecko bites you. x2
You take 4 damage, and have 21/27 hp.
You closely miss the leopard gecko. The leopard gecko barely misses you.
You barely miss the leopard gecko.
The leopard gecko completely misses you.
You barely miss the leopard gecko.
The leopard gecko bites you but does no damage.
You hit the leopard gecko but do no damage.
The leopard gecko misses you.
You hit the leopard gecko but do no damage.
The leopard gecko closely misses you.
You hit the leopard gecko.
The leopard gecko bites you but does no damage.
The leopard gecko completely misses you.
You hit the leopard gecko.
You kill the leopard gecko!
You have reached level 5!
You feel stronger.
You regained 3 hp, and now have 25/31 hp.
MP restored: 6
Things that are here:
a leopard gecko corpse; a goblin corpse You butcher the leopard gecko corpse.
o - 2 chunks of flesh {@w0} You see here a goblin corpse.
You butcher the goblin corpse.
o - 3 chunks of flesh {@w0} (gained 1)
You see here a goblin skeleton.
There isn't anything here!
d - 5 bolts (gained 1)
There isn't anything here!
Found a stone staircase leading down.
d - 6 bolts (gained 1)
You start resting.
Eating one of 3 chunks of flesh {@w0}.
You eat one of the 3 chunks of flesh {@w0}.
This raw flesh tastes great.
Eating one of 2 chunks of flesh {@w0}.
You eat one of the 2 chunks of flesh {@w0}.
This raw flesh tastes great.
Eating a chunk of flesh {@w0}.
You eat the chunk of flesh {@w0}.
This raw flesh tastes great.
You hear the slow rusting of a very distant drain.
There is a stone staircase leading down here.
o - a scroll labeled KYSUON MENAFOI
Found a stone staircase leading down.
You now have 80 gold pieces (gained 14).
You hear the slow rusting of a very distant drain.
p - a coppery potion Health restored: 31 Unknown command.

#.#
#.#
#.#
#.#
#.#
#.#
#.#
#.#
#@#
#.#
#.#
#.#
#.#
#.#
#..
###


There were no monsters in sight!

Vanquished Creatures
  5 adders
  2 dart slugs (D:1)
  A leopard gecko (D:3)
  9 goblins
  5 hobgoblins
  6 jackals (D:1)
  5 bats
  A frilled lizard (D:1)
  6 kobolds
  7 rats
47 creatures vanquished.

Notes
Turn   | Place    | Note
-------+----------+-------------------------------------------
     0 | D:1      | mhoghedin the Kobold Arcane Marksman began the quest for the Orb.
     0 | D:1      | Reached XP level 1. HP: 12/12 MP: 2/2
    59 | D:1      | Reached XP level 2. HP: 15/16 MP: 3/3
   217 | D:1      | Reached skill level 3 in Crossbows
   217 | D:1      | Reached skill level 3 in Dodging
   230 | D:1      | Reached XP level 3. HP: 21/21 MP: 4/4
   299 | D:1      | Reached skill level 2 in Fighting
   753 | D:2      | Reached XP level 4. HP: 21/27 MP: 5/5
   761 | D:2      | Learned a level 2 spell: Slow
  1513 | D:3      | Reached XP level 5. HP: 25/31 MP: 6/6
  1585 | D:3      | Quit the game

Vault maps used:
D:1:      shiori_shiawase
D:2:      minmay_crystal_room
D:3:      minmay_diamond_boxcup, old_standard_altar, portal_sewer_entry_b,
          uniq_terence

Skill      XL: |  1  2  3 |
---------------+----------+-----
Crossbows      | 3 |  3.8
Dodging        | 3 |  3.7
Fighting       | 2 |  2.6
Short Blades   | |  0.3
Spellcasting   | |  1.1
Hexes          | |  3.1

Action                   |  1- 3 |  4- 6 || total
-------------------------+-------+-------++-------
Melee: Dagger            |       |    52 ||    52
 Fire: Hand crossbow     |    59 |    35 ||    94
  Use: Scroll            |     3 |       ||     3
  Eat: Chunk             |     5 |     3 ||     8
Armor: Robe              |     3 |    14 ||    17
Dodge: Dodged            |    19 |    53 ||    72

Table legend:
 A = Non-vault XP
 B = Vault XP
 C = Vault XP percentage of total XP
 D = Non-vault monster count
 E = Vault monster count
 F = Vault count percentage of total count
 G = Total turns spent on level
                 A         B        C        D         E       F
            +---------+---------+-------+---------+---------+-------
      Total |     139 |       0 |   0.0 |      47 |       0 |   0.0
            +---------+---------+-------+---------+---------+-------
        D:1 |      51 |       0 |   0.0 |      28 |       0 |   0.0
        D:2 |      70 |       0 |   0.0 |      16 |       0 |   0.0
        D:3 |      18 |       0 |   0.0 |       3 |       0 |   0.0
            +---------+---------+-------+---------+---------+-------

Vault maps used:
D:1:      shiori_shiawase
D:2:      minmay_crystal_room
D:3:      minmay_diamond_boxcup, old_standard_altar, portal_sewer_entry_b,
          uniq_terence

Table legend:
 A = Turns spent in this place as a percentage of turns spent in the entire game.
 B = Non-inter-level travel turns spent in this place as a percentage of non-inter-level travel turns spent in the entire game.
 C = Inter-level travel turns spent in this place as a percentage of turns spent in this place.
 D = Turns resting spent in this place as a percentage of non-inter-level travel turns spent in this place.
 E = Turns spent auto-exploring this place as a percentage of non-inter-level travel turns spent in this place.
 F = Non-inter-level travel turns spent in this place divided by the number of levels of this place that you've seen.
                   A       B       C       D       E      F
               +-------+-------+-------+-------+-------+----------------------
         Total | 100.0 | 100.0 |   2.7 |  11.3 |  66.5 | 514.0
       Dungeon | 100.0 | 100.0 |   2.7 |  11.3 |  66.5 | 514.0
               +-------+-------+-------+-------+-------+----------------------

Table legend:
 A = Kills in this place as a percentage of kills in entire the game.
 B = Kills by you in this place as a percentage of kills by you in the entire game.
 C = Kills by friends in this place as a percentage of kills by friends in the entire game.
 D = Other kills in this place as a percentage of other kills in the entire game.
 E = Experience gained in this place as a percentage of experience gained in the entire game.
 F = Experience gained in this place divided by the number of levels of this place that you have seen.
                   A       B       C       D       E      F
               +-------+-------+-------+-------+-------+----------------------
         Total | 100.0 | 100.0 |   N/A |   N/A | 100.0 |  46.3
       Dungeon | 100.0 | 100.0 |   N/A |   N/A | 100.0 |  46.3
               +-------+-------+-------+-------+-------+----------------------
